 Dungeon Crawl Stone Soup version 0.28-a0-1334-g1c9ffb4daf (webtiles) character file.

Game seed: 10416088234667966219

20 Froggeryz the Cudgeller (level 2, 0/17 HPs)
             Began as a Gargoyle Warper on Dec 28, 2021.
             Slain by Terence (1 damage)
             ... on level 2 of the Dungeon.
             The game lasted 00:01:07 (1598 turns).

Froggeryz the Cudgeller (Gargoyle Warper)           Turns: 1598, Time: 00:01:08

Health: 0/17       AC:  6    Str: 14    XL:     2   Next: 79%
Magic:  5/5        EV: 11    Int: 13    God:
Gold:   96         SH:  0    Dex:  9    Spells: 5/5 levels left

rFire   . . .      SeeInvis .   e - +0 flail
rCold   . . .      Faith    .   (no shield)
rNeg    + . .      Spirit   .   b - +0 leather armour
rPois   ∞          Reflect  .   (no helmet)
rElec   +          Harm     .   (no cloak)
rCorr   .          Rampage  .   (no gloves)
Will    .....                   (no boots)
Stlth   +.........              (no amulet)
HPRegen 0.05/turn               (no ring)
MPRegen 0.09/turn               (no ring)

@: no status effects
A: sickness immunity, AC +2, negative energy resistance 1, electricity
resistance, torment resistance 1, petrification resistance
a: no special abilities


You were on level 2 of the Dungeon.
You visited 1 branch of the dungeon, and saw 2 of its levels.

You collected 96 gold pieces.

Inventory:

Hand Weapons
 e - a +0 flail (weapon)
Missiles
 d - 4 boomerangs of dispersal (quivered)
Armour
 b - a +0 leather armour (worn)
Scrolls
 a - a scroll of teleportation {unknown}
 c - a scroll of blinking
 f - a scroll of noise {unknown}
 h - a scroll of identify {unknown}
 i - a scroll of fear {unknown}
Potions
 g - a potion of curing {unknown}


   Skills:
 - Level 2.1 Fighting
 * Level 2.9 Maces & Flails
 - Level 0.8 Throwing
 + Level 1.8 Armour
 - Level 1.5 Dodging
 - Level 2.0 Spellcasting
 - Level 2.6 Translocations


You had 5 spell levels left.
You didn't know any spells.
Your spell library contained the following spells:

 Spells                   Type           Power      Damage    Failure   Level
 Blink                    Tloc           16%        N/A       16%         2
 Gell's Gravitas          Tloc           8%         N/A       30%         3
 Lesser Beckoning         Tloc           8%         N/A       30%         3
 Teleport Other           Tloc           8%         N/A       30%         3
 Manifold Assault         Tloc           8%         N/A       96%         5


Dungeon Overview and Level Annotations

Branches:
Dungeon (2/15)

Altars:

Annotations:
D:2 Sigmund, Terence


Innate Abilities, Weirdness & Mutations

You are immune to sickness and miasma.
Your stone body is resilient. (AC +2)
You are immune to poison.
You resist negative energy. (rN+)
You are resistant to electric shocks. (rElec)
You are resistant to unholy torment.
You are immune to petrification.


Message History

Sigmund hits you but does no damage.
The giant cockroach bites you but does no damage.
You climb upwards.
There is a stone staircase leading down here.
You sock the giant cockroach!
You kill the giant cockroach!
There is a stone staircase leading down here.
You start resting.
HP restored.
There is a stone staircase leading down here.
You climb downwards.
Level annotation: Sigmund, Terence
There is a stone staircase leading up here.
Found 23 stones.
Terence is nearby!
Terence is nearby!
Terence shouts, "DIE!!!"
There is a stone staircase leading up here.
Okay, then.
You barely miss Terence. Terence hits you but does no damage.
You hit Terence but do no damage.
Terence hits you with a +0 short sword. x2
You hit Terence but do no damage. Terence misses you.
You barely miss Terence. Terence barely misses you.
You barely miss Terence. Terence hits you with a +0 short sword.
Terence closely misses you.
You barely miss Terence. Terence barely misses you.
You closely miss Terence. Terence closely misses you.
You hit Terence.
Terence is moderately wounded.
Terence completely misses you.
You hit Terence.
Terence is moderately wounded.
Terence hits you with a +0 short sword!
* * * LOW HITPOINT WARNING * * *
Terence hits you with a +0 short sword.
* * * LOW HITPOINT WARNING * * *
You hit Terence.
Terence is heavily wounded.
Terence hits you with a +0 short sword.
You die...

######### ........#
#####.######## # #....#......@# #
#.###.######@########### # #.#
#.......#....@.....# #####.#
#..#####.#########.###### ##....#
#..# #.# #######.##...#
##.######..# #.# #............#
##.###.....#####.###(...........#
.......................##.##.....
.......##.#..###.##.>#.#...#.##@#


You could see Terence.

Vanquished Creatures
  An endoplasm (D:2)
  2 giant cockroaches (D:1)
  3 hobgoblins (D:1)
  4 jackals (D:1)
  3 ball pythons
  3 bats (D:1)
  A kobold (D:2)
17 creatures vanquished.

Notes
Turn   | Place    | Note
-------+----------+-------------------------------------------
     0 | D:1      | Froggeryz the Gargoyle Warper began the quest for the Orb.
     0 | D:1      | Reached XP level 1. HP: 12/12 MP: 3/3
   429 | D:1      | Reached XP level 2. HP: 12/17 MP: 5/5
  1393 | D:2      | Noticed Sigmund
  1395 | D:2      | Noticed Terence
  1598 | D:2      | Slain by Terence

Illustrated notes

Levels and vault maps discovered:
D:1:      roderic_crossed_star, layout_basic, serial_park_tiny_2
D:2:      layout_loops_ring, hangedman_decor_clover_reticule, uniq_sigmund,
          uniq_terence

Action                   || total
-------------------------++-------
Melee: Flail             ||    68
       Mace              ||     6
Throw: Boomerang         ||     1
Armor: Leather armour    ||    42
Dodge: Dodged            ||    67

Table legend: (Time is in decaauts)
 A = Elapsed time spent in this place.
 B = Non-inter-level travel time spent in this place.
 C = Inter-level travel time spent in this place.
 D = Time resting spent in this place.
 E = Time spent auto-exploring this place.
 F = Levels seen in this place.
 G = Mean time per level.
                   A        B        C        D        E       F      G
               +--------+--------+--------+--------+--------+-----+--------+
         Total |   1618 |   1507 |    111 |    259 |   1018 |   2 |  809.0 |
       Dungeon |   1618 |   1507 |    111 |    259 |   1018 |   2 |  809.0 |
               +--------+--------+--------+--------+--------+-----+--------+

Top non-repeatable levels by time:
     D:1: 1317 daAuts
     D:2: 301 daAuts
